 Dungeon Crawl Stone Soup version 0.27.1-2-g3b301248ec (webtiles) character file.

Game seed: 13135339223991520280

63 MisterFreud the Shield-Bearer (level 4, -1/41 HPs)
             Began as a Gnoll Fighter on Oct 3, 2021.
             Was a Believer of Yredelemnul.
             Slain by Terence (8 damage)
             ... on level 2 of the Dungeon.
             The game lasted 00:01:43 (1144 turns).

MisterFreud the Shield-Bearer (Gnoll Fighter)       Turns: 1144, Time: 00:01:43

Health: -1/41      AC:  7    Str: 16    XL:     4   Next: 10%
Magic:  5/5        EV:  8    Int:  8    God:    Yredelemnul [**....]
Gold:   110        SH: 10    Dex: 11    Spells: 5/5 levels left

rFire    . . .     SeeInvis .   g - +1 dagger (venom)
rCold    . . .     Faith    .   c - +0 kite shield
rNeg     . . .     Spirit   .   b - +0 scale mail
rPois    .         Reflect  .   (no helmet)
rElec    .         Harm     .   (no cloak)
rCorr    .         Rampage  .   (no gloves)
Will     .....                  (no boots)
Stlth    ..........             (no amulet)
HPRegen  0.13/turn              (no ring)
MPRegen  0.09/turn              (no ring)

@: lethally poisoned (-1 -> -13)
A: fangs 1, strong nose, distributed training
a: Renounce Religion, Animate Remains, Recall Undead Slaves, Injury Mirror


You were on level 2 of the Dungeon.
You worshipped Yredelemnul.
Yredelemnul was pleased with you.
You visited 1 branch of the dungeon, and saw 2 of its levels.

You collected 110 gold pieces.

Inventory:

Hand Weapons
 a - a +0 rapier
 g - a +1 dagger of venom (weapon)
 n - a +1 whip of venom
Missiles
 o - 5 javelins (quivered)
Armour
 b - a +0 scale mail (worn)
 c - a +0 kite shield (worn)
Jewellery
 j - a ring of resist corrosion
 m - a +4 ring of evasion
Scrolls
 e - 3 scrolls of identify {unknown}
 f - a scroll of teleportation {unknown}
 i - a scroll of magic mapping {unknown}
 k - a scroll of summoning {unknown}
 p - a scroll of fog {unknown}
Potions
 d - a potion of might
 h - 2 potions of haste {unknown}
 l - a potion of invisibility {unknown}


   Skills:
 + Level 6.6 Fighting
 + Level 4.6 Short Blades
 + Level 1.0 Long Blades
 + Level 1.0 Axes
 + Level 1.0 Maces & Flails
 + Level 1.0 Polearms
 + Level 1.0 Staves
 + Level 1.0 Slings
 + Level 1.0 Bows
 + Level 1.0 Crossbows
 + Level 1.0 Throwing
 + Level 6.6 Armour
 + Level 1.0 Dodging
 + Level 1.0 Stealth
 + Level 6.6 Shields
 + Level 1.0 Unarmed Combat
 + Level 1.0 Spellcasting
 + Level 0.8 Conjurations
 + Level 0.8 Hexes
 + Level 0.8 Summonings
 + Level 0.8 Necromancy
 + Level 0.8 Translocations
 + Level 0.8 Transmutations
 + Level 0.8 Fire Magic
 + Level 0.8 Ice Magic
 + Level 0.8 Air Magic
 + Level 0.8 Earth Magic
 + Level 0.8 Poison Magic
 + Level 1.1 Invocations
 + Level 1.0 Evocations


You had 5 spell levels left.
You didn't know any spells.
Your spell library was empty.

Dungeon Overview and Level Annotations

Branches:
Dungeon (2/15)

Altars:
Yredelemnul

Annotations:
D:2 Terence


Innate Abilities, Weirdness & Mutations

You have very sharp teeth.
Your uncanny sense of smell can sniff out nearby items.
Your experience applies equally to all skills.


Message History

You are poisoned.
You see here an amulet of faith.
You feel very sick. Terence barely misses you.
You hit Terence but do no damage.
Terence is poisoned.
You feel sick.
Terence hits you with a +1 trident of venom.
You are more poisoned.
You hit Terence but do no damage. You bite Terence.
Terence is lightly wounded.
You feel very sick. Terence completely misses you.
You hit Terence.
Terence looks as sick as possible!
Your bite misses Terence.
Terence is moderately wounded.
You feel very sick.
You hit Terence but do no damage.
Terence looks as sick as possible!
Terence is moderately wounded.
You feel sick.
Terence zaps a wand.
The puff of flame misses you.
The puff of flame misses your adder zombie.
The puff of flame hits your adder zombie!
Your adder zombie is destroyed!
You completely miss Terence.
Terence is moderately wounded.
You feel sick.
Terence hits you with a +1 trident of venom.
You are lethally poisoned!
You hit Terence but do no damage.
Terence is moderately wounded.
You feel very sick. You block Terence's attack.
Your shield prevents you from hitting Terence.
Terence is moderately wounded.
* * * LOW HITPOINT WARNING * * *
You feel very sick. You block Terence's attack.
You swap places.
* * * LOW HITPOINT WARNING * * *
You feel very sick.
Terence hits you from afar with a +1 trident of venom!
You die...
Your body rises from the dead as a mindless zombie.

.....###'##########
###ZZ........Z.Z..#
###..)....#######.#
'.........# #.#Z#
######.#### #..Z#
#.#### #.### #...>#
#(# ######
#.####### #Z@Z@r..#
∆ #######.# ∆ ∆ ∆


You could see Terence (very poisoned, ally target), a quokka, a friendly adder
zombie and a friendly kobold zombie.

Vanquished Creatures
  2 adders (D:2)
  A worm (D:2)
  A dart slug (D:1)
  A giant cockroach (D:2)
  3 goblins (D:1)
  3 hobgoblins (D:1)
  6 jackals (D:1)
  4 kobolds
  A quokka (D:1)
  2 ball pythons
  6 bats
  4 frilled lizards
  4 rats
38 creatures vanquished.

Vanquished Creatures (collateral kills)
  A kobold (D:2)
  A bat (D:2)
2 creatures vanquished.

Vanquished Creatures (others)
  An adder zombie (D:2)
1 creature vanquished.

Grand Total: 41 creatures vanquished

Notes
Turn   | Place    | Note
-------+----------+-------------------------------------------
     0 | D:1      | MisterFreud the Gnoll Fighter began the quest for the Orb.
     0 | D:1      | Reached XP level 1. HP: 23/23 MP: 1/1
   317 | D:1      | Reached XP level 2. HP: 29/29 MP: 2/2
   418 | D:1      | Found a faded altar of an unknown god.
   428 | D:1      | Became a worshipper of Yredelemnul the Dark
   428 | D:1      | Reached * piety under Yredelemnul
   534 | D:1      | Reached XP level 3. HP: 35/35 MP: 3/3
   722 | D:2      | Reached skill level 1 in Invocations
   862 | D:2      | Reached ** piety under Yredelemnul
   863 | D:2      | Reached skill level 1 in Long Blades
   863 | D:2      | Reached skill level 1 in Axes
   863 | D:2      | Reached skill level 1 in Maces & Flails
   863 | D:2      | Reached skill level 1 in Polearms
   863 | D:2      | Reached skill level 1 in Staves
   863 | D:2      | Reached skill level 1 in Slings
   863 | D:2      | Reached skill level 1 in Bows
   863 | D:2      | Reached skill level 1 in Crossbows
   863 | D:2      | Reached skill level 1 in Throwing
   863 | D:2      | Reached skill level 1 in Dodging
   863 | D:2      | Reached skill level 1 in Stealth
   863 | D:2      | Reached skill level 1 in Unarmed Combat
   863 | D:2      | Reached skill level 1 in Spellcasting
   863 | D:2      | Reached skill level 1 in Evocations
   919 | D:2      | Reached XP level 4. HP: 41/41 MP: 5/5
  1134 | D:2      | Noticed Terence
  1144 | D:2      | Slain by Terence

Illustrated notes

Levels and vault maps discovered:
D:1:      co_arrival_square_in_a_square_in_a_square, layout_rooms,
          ebering_ecumenical_altar_hall
D:2:      layout_basic, uniq_crazy_yiuf_cottage, uniq_terence

Skill      XL: |  1  2  3 |
---------------+----------+-----
Invocations    | 1 |  1.1
Long Blades    | 1 |  1.0
Axes           | 1 |  1.0
Maces & Flails | 1 |  1.0
Polearms       | 1 |  1.0
Staves         | 1 |  1.0
Slings         | 1 |  1.0
Bows           | 1 |  1.0
Crossbows      | 1 |  1.0
Throwing       | 1 |  1.0
Dodging        | 1 |  1.0
Stealth        | 1 |  1.0
Unarmed Combat | 1 |  1.0
Spellcasting   | 1 |  1.0
Evocations     | 1 |  1.0
Fighting       | |  6.6
Short Blades   | |  4.6
Armour         | |  6.6
Shields        | |  6.6
Conjurations   | |  0.8
Hexes          | |  0.8
Summonings     | |  0.8
Necromancy     | |  0.8
Translocations | |  0.8
Transmutations | |  0.8
Fire Magic     | |  0.8
Ice Magic      | |  0.8
Air Magic      | |  0.8
Earth Magic    | |  0.8
Poison Magic   | |  0.8

Action                   |  1- 3 |  4- 6 || total
-------------------------+-------+-------++-------
Melee: Rapier            |    11 |       ||    11
       Dagger            |    95 |    15 ||   110
       Bite              |     8 |     1 ||     9
Invok: Animate Remains   |     2 |     2 ||     4
Armor: Scale mail        |    40 |     6 ||    46
Dodge: Dodged            |    19 |     5 ||    24
Block: Kite shield       |    51 |     7 ||    58
